 Dungeon Crawl Stone Soup version 0.21.0-3-g78d12a8bdd (webtiles) character file.

44 Principatus the Sneak (level 3, 24/24 HPs)
             Began as a Vampire Enchanter on Jan 12, 2018.
             Was a Follower of Cheibriados.
             Safely got out of the dungeon.
             The game lasted 00:10:54 (2349 turns).

Principatus the Sneak (Vampire Enchanter)           Turns: 2349, Time: 00:10:55

Health: 24/24      AC:  2    Str: 10    XL:     3   Next: 41%
Magic:  6/6        EV: 10    Int: 19    God:    Cheibriados [*.....]
Gold:   19         SH:  7    Dex: 16    Spells: 3/6 levels left

rFire    . . .     SeeInvis +   g - +0 dagger (curse)
rCold    + . .     Gourm    .   m - +0 shield
rNeg     + + .     Faith    .   b - +0 robe
rPois    +         Spirit   .   (no helmet)
rElec    .         Reflect  .   (no cloak)
rCorr    .         Harm     .   (no gloves)
MR       .....                  (no boots)
Stlth    +++++.....             (no amulet)
HPRegen  0.04/turn              n - ring of stealth
MPRegen  0.10/turn              (no ring)

@: regenerating slowly, very slow
A: fangs 3, see invisible, unbreathing
a: Bat Form, Bend Time, Renounce Religion


You escaped.
You worshipped Cheibriados.
Cheibriados was aware of your devotion.
You were thirsty.

You visited 1 branch of the dungeon, and saw 2 of its levels.

You collected 19 gold pieces.

Inventory:

Hand Weapons
 a - a +1 dagger
 f - a cursed +0 hunting sling
 g - a cursed +0 dagger (weapon)
Missiles
 e - 114 stones (quivered)
Armour
 b - a +0 robe (worn)
 m - a +0 shield (worn)
Jewellery
 n - a ring of stealth (left hand)
 o - an uncursed ring of positive energy {unknown}
Scrolls
 i - a scroll of amnesia {unknown}
 j - a scroll of fear {unknown}
 k - 3 scrolls of remove curse {unknown}
 l - a scroll of enchant weapon {unknown}
Potions
 d - 8 potions of blood
 h - 3 potions of flight {unknown}
Books
 c - a book of Maledictions

   Spells                             Type                      Level
   a - Corona                         Hexes                        1
   b - Ensorcelled Hibernation        Hexes/Ice                    2
   c - Confuse                        Hexes                        3
   d - Tukima's Dance                 Hexes                        3
   e - Dazzling Spray                 Conjuration/Hexes            3


   Skills:
 * Level 2.3 Short Blades
 - Level 2.2 Dodging
 + Level 5.0 Stealth
 + Level 0.2 Shields
 + Level 2.3 Spellcasting
 + Level 4.8 Hexes


You had 3 spell levels left.
You knew the following spells:

 Your Spells              Type           Power        Failure   Level  Hunger
a - Corona                Hex            ###....      16%         1    #......
b - Ensorcelled Hibernat  Hex/Ice        ##....       52%         2    ##.....


Dungeon Overview and Level Annotations

Branches:
Dungeon (2/15)

Altars:
Cheibriados
Ru


Innate Abilities, Weirdness & Mutations

You heal slowly.
You have razor-sharp teeth.
You have supernaturally acute eyesight. (SInv)
You can survive without breathing.


Message History

There is an escape hatch in the ceiling here.
Your transformation has ended.
Your cursed +0 dagger unmelds from your body.
Your +0 shield unmelds from your body.
Your +0 robe unmelds from your body.
Your ring of stealth unmelds from your body.
There is an escape hatch in the ceiling here.
You see here a dart slug corpse.
(D) Dungeon
Where to? (Enter - D:2 @ (x,y), ? - help)
What level of the Dungeon? (default 1, ? - help)
There is an escape hatch in the ceiling here.
There is a stone staircase leading up here.
You climb upwards.
There is a stone staircase leading down here.
There is a staircase leading out of the dungeon here.
You can't go down here!
You can't go down here!
You can't go down here!
Are you sure you want to leave the Dungeon?
This will make you lose the game!
You have escaped!

#.# #....................# #.#
#.# ####.#...........###.# #.#
#.# #.#..#.....#..# #.# #.#
#.######.#..##...##..###.####.#
#...........###.###...........#
#######..###.##.##.###.#.######
##..###.#.#.###....#
#...###%..###...###
#.......@.......#
#...###...###...#
#..###.#.#.###..#
#.###.##.##.###.#
#######....###.###....#########
#.......#..##...##......g.....#
#.#####.#..#.....#..#########.#
#.# #.##..........# #.#
#.#####.##.#..##...## #.#


There were no monsters in sight!

Vanquished Creatures
  An adder (D:2)
  An ooze (D:1)
  A worm (D:2)
  2 dart slugs
  A leopard gecko (D:1)
  2 goblins
  4 hobgoblins
  A ball python (D:1)
  2 bats (D:1)
  3 frilled lizards (D:2)
  4 kobolds (D:1)
  3 rats (D:1)
25 creatures vanquished.

Notes
Turn   | Place    | Note
-------+----------+-------------------------------------------
     0 | D:1      | Principatus the Vampire Enchanter began the quest for the Orb.
     0 | D:1      | Reached XP level 1. HP: 13/13 MP: 3/3
   311 | D:1      | Reached XP level 2. HP: 16/19 MP: 5/5
  1750 | D:2      | Found a sacrificial altar of Ru.
  1796 | D:2      | Learned a level 2 spell: Ensorcelled Hibernation
  1815 | D:2      | Reached XP level 3. HP: 12/24 MP: 6/6
  2165 | D:2      | Reached skill level 5 in Stealth
  2204 | D:2      | Found a faded altar of an unknown god.
  2219 | D:2      | Became a worshipper of Cheibriados the Contemplative
  2219 | D:2      | Reached * piety under Cheibriados
  2349 | D:$      | Safely got out of the dungeon.

Skill      XL: |  1  2  3 |
---------------+----------+-----
Short Blades   | 2 |  2.3
Stealth        | 5 |  5.0
Dodging        | |  2.2
Shields        | |  0.2
Spellcasting   | |  2.3
Hexes          | |  4.8

Action                   || total
-------------------------++-------
Melee: Dagger            ||   127
       Bite              ||     7
Throw: Stone             ||     1
 Cast: Corona            ||     3
 Abil: End Transformatio ||     1
       Bat Form          ||     1
  Use: Potion            ||     2
 Stab: Sleeping          ||     8
Armor: Robe              ||    28
Dodge: Dodged            ||    93
Block: Shield            ||     6
